TOP OF THE 1ST |
Tri-City Dust Devils batting - Pitching for Eugene Emeralds : RHP Robbie Schoen
|
Pitching: RHP Robbie Schoen
|
|
Batting: LHB Phil Lerner
|
0-0: Ball 1-0: Ball 2-0: Ball 3-0: Called Strike 3-1: Called Strike 3-2: Base on Balls
|
Batting: RHB Hector Fernandez
|
0-0: Ball 1-0: Ball 2-0: Ball 3-0: Called Strike 3-1: 2-RUN HOME RUN (Flyball, 7D, EV 96.2 MPH), Distance : 355 ft
|
Batting: SHB Isaiah Scates
|
0-0: Foul Ball, location: 2F 0-1: Swinging Strike 0-2: Strikes out swinging
|
Batting: RHB Eric McMillian
|
0-0: Ground out 4-3 (Groundball, 34, EV 91.9 MPH)
|
Batting: RHB Phil McFadden
|
0-0: Ball 1-0: Ball 2-0: Ball 3-0: Called Strike 3-1: SINGLE (Groundball, 34D, EV 109.4 MPH)
|
Batting: RHB Frank Elizondo
|
0-0: Ball 1-0: Ball 2-0: Ball 3-0: Called Strike 3-1: Base on Balls Phil McFadden to second
|
Batting: RHB Oren Jones
|
0-0: Called Strike 0-1: Fielders Choice at 2nd, 5-4 (Groundball, 5, EV 86.2 MPH)
|
Top of the 1st over - 2 runs, 2 hits, 0 errors, 2 left on base; Tri-City 2 - Eugene 0 |
BOTTOM OF THE 1ST |
Eugene Emeralds batting - Pitching for Tri-City Dust Devils : RHP Nick Goodlow
|
Pitching: RHP Nick Goodlow
|
|
Batting: RHB Du Kim
|
0-0: Called Strike 0-1: Ball 1-1: Ground out 5-3 (Groundball, 5, EV 88.8 MPH)
|
Batting: RHB Ricky Ramirez
|
0-0: SINGLE (Groundball, 56D, EV 100.0 MPH)
|
Batting: RHB Mike Hill
|
0-0: Called Strike 0-1: 2-RUN HOME RUN (Flyball, 78XD, EV 111.9 MPH), Distance : 432 ft
|
Batting: RHB Bill Holmes
|
0-0: Called Strike 0-1: Ball 1-1: Foul Ball, location: 2F 1-2: Ground out 4-3 (Groundball, 4, EV 88.8 MPH)
|
Batting: RHB Adrian Cox
|
0-0: Called Strike 0-1: Ball 1-1: Ball 2-1: Called Strike 2-2: Ball 3-2: Foul Ball, location: 2F 3-2: SINGLE (Line Drive, 89S, EV 104.4 MPH)
|
Batting: RHB Jorge Lagunas
|
0-0: Ball 1-0: Foul Ball, location: 2F 1-1: Ball 2-1: Foul Ball, location: 2F 2-2: Fly out, F7 (Flyball, 7S, EV 82.5 MPH)
|
Bottom of the 1st over - 2 runs, 3 hits, 0 errors, 1 left on base; Tri-City 2 - Eugene 2 |
TOP OF THE 2ND |
Tri-City Dust Devils batting - Pitching for Eugene Emeralds : RHP Robbie Schoen
|
Batting: RHB Shane Bruce
|
0-0: Foul Ball, location: 2F 0-1: Ball 1-1: Foul Ball, location: 2F 1-2: Foul Ball, location: 2F 1-2: Ball 2-2: Strikes out swinging
|
Batting: RHB Ed Oake
|
0-0: Called Strike 0-1: Ball 1-1: Ball 2-1: Swinging Strike 2-2: Strikes out swinging
|
Batting: LHB Phil Lerner
|
0-0: Ball 1-0: Ball 2-0: Swinging Strike 2-1: Ball 3-1: Foul Ball, location: 2F 3-2: Base on Balls
|
Batting: RHB Hector Fernandez
|
0-0: Called Strike 0-1: Ball Wild Pitch! Phil Lerner to second 1-1: SINGLE (Groundball, 4MD, EV 104.4 MPH) Phil Lerner to third Runner from 3rd tries for Home, SAFE, throw by CF to home
|
Batting: SHB Isaiah Scates
|
0-0: Ball 1-0: Ball 2-0: Ground out 4-3 (Groundball, 4, EV 92.5 MPH)
|
Top of the 2nd over - 1 run, 1 hit, 0 errors, 1 left on base; Tri-City 3 - Eugene 2 |
BOTTOM OF THE 2ND |
Eugene Emeralds batting - Pitching for Tri-City Dust Devils : RHP Nick Goodlow
|
Batting: RHB Gilberto Alvarado
|
0-0: Ground out U3 (Groundball, 34, EV 86.2 MPH)
|
Batting: RHB Dan Orozco
|
0-0: Foul Ball, location: 2F 0-1: Swinging Strike 0-2: Ball 1-2: Ball 2-2: Ground out 1-3 (Groundball, 15S, EV 72.5 MPH)
|
Batting: RHB David Bousfield
|
0-0: Foul Ball, location: 2F 0-1: Fly out, F3 (Line Drive, 3, EV 69.4 MPH)
|
Bottom of the 2nd over - 0 runs, 0 hits, 0 errors, 0 left on base; Tri-City 3 - Eugene 2 |
TOP OF THE 3RD |
Tri-City Dust Devils batting - Pitching for Eugene Emeralds : RHP Robbie Schoen
|
Batting: RHB Eric McMillian
|
0-0: Ball 1-0: Called Strike 1-1: Ball 2-1: Swinging Strike 2-2: Ball 3-2: Fly out, F8 (Flyball, 89D, EV 95.0 MPH)
|
Batting: RHB Phil McFadden
|
0-0: Ball 1-0: Ball 2-0: Ball 3-0: Base on Balls
|
Batting: RHB Frank Elizondo
|
0-0: Ball 1-0: Fly out, F8 (Flyball, 8RS, EV 91.2 MPH)
|
Batting: RHB Oren Jones
|
0-0: Hit by Pitch Phil McFadden to second
|
Batting: RHB Shane Bruce
|
0-0: Foul Ball, location: 2F 0-1: Fly out, F7 (Line Drive, 7LS, EV 88.1 MPH)
|
Top of the 3rd over - 0 runs, 0 hits, 0 errors, 2 left on base; Tri-City 3 - Eugene 2 |
BOTTOM OF THE 3RD |
Eugene Emeralds batting - Pitching for Tri-City Dust Devils : RHP Nick Goodlow
|
Batting: RHB Du Kim
|
0-0: Ball 1-0: Ground out 5-3 (Groundball, 56, EV 91.2 MPH)
|
Batting: RHB Ricky Ramirez
|
0-0: Swinging Strike 0-1: Ball 1-1: Called Strike 1-2: Ball 2-2: Ball 3-2: SINGLE (Flyball, 8RS, EV 92.5 MPH)
|
Batting: RHB Mike Hill
|
0-0: SINGLE (Groundball, 6D, EV 96.2 MPH) Ricky Ramirez to second
|
Batting: RHB Bill Holmes
|
0-0: Called Strike 0-1: Foul Ball, location: 2F 0-2: Foul Ball, location: 2F 0-2: Ball 1-2: Strikes out swinging
|
Batting: RHB Adrian Cox
|
0-0: Called Strike 0-1: Ball 1-1: Ball 2-1: Foul Ball, location: 2F 2-2: Ball 3-2: Base on Balls Ricky Ramirez to third Mike Hill to second
|
Batting: RHB Jorge Lagunas
|
0-0: Called Strike 0-1: Ball 1-1: Ball 2-1: Ball 3-1: Foul Ball, location: 2F 3-2: Strikes out swinging
|
Bottom of the 3rd over - 0 runs, 2 hits, 0 errors, 3 left on base; Tri-City 3 - Eugene 2 |
TOP OF THE 4TH |
Tri-City Dust Devils batting - Pitching for Eugene Emeralds : RHP Robbie Schoen
|
Batting: RHB Ed Oake
|
0-0: Ball 1-0: Ball 2-0: Ball 3-0: Base on Balls
|
Batting: LHB Phil Lerner
|
0-0: Foul Ball, location: 2F 0-1: SINGLE (Groundball, 25, EV 70.0 MPH) (infield hit) Ed Oake to second
|
Batting: RHB Hector Fernandez
|
0-0: Ball 1-0: Grounds into double play, 6-4-3 (Groundball, 6M, EV 91.2 MPH) Ed Oake to third
|
Batting: SHB Isaiah Scates
|
0-0: Ball 1-0: Ground out 4-3 (Groundball, 4MS, EV 84.4 MPH)
|
Top of the 4th over - 0 runs, 1 hit, 0 errors, 1 left on base; Tri-City 3 - Eugene 2 |
BOTTOM OF THE 4TH |
Eugene Emeralds batting - Pitching for Tri-City Dust Devils : RHP Nick Goodlow
|
Batting: RHB Gilberto Alvarado
|
0-0: Ball 1-0: Swinging Strike 1-1: SINGLE (Groundball, 13S, EV 73.8 MPH) (infield hit)
|
Batting: RHB Dan Orozco
|
0-0: Ball 1-0: Ball 2-0: Called Strike 2-1: Ball 3-1: Foul Ball, location: 2F 3-2: Base on Balls Gilberto Alvarado to second
|
Batting: RHB David Bousfield
|
0-0: Called Strike 0-1: Swinging Strike 0-2: Ball 1-2: Foul Ball, location: 2F 1-2: Foul Ball, location: 2F 1-2: Foul Ball, location: 2F 1-2: Ball 2-2: Strikes out swinging
|
Batting: RHB Du Kim
|
0-0: Foul Ball, location: 2F 0-1: Foul Ball, location: 2F 0-2: Grounds into double play, 6-4-3 (Groundball, 6, EV 92.5 MPH)
|
Bottom of the 4th over - 0 runs, 1 hit, 0 errors, 1 left on base; Tri-City 3 - Eugene 2 |
TOP OF THE 5TH |
Tri-City Dust Devils batting - Pitching for Eugene Emeralds : RHP Robbie Schoen
|
Batting: RHB Eric McMillian
|
0-0: Called Strike 0-1: Ground out U3 (Groundball, 34, EV 98.1 MPH)
|
Batting: RHB Phil McFadden
|
0-0: Ball 1-0: Ball 2-0: Called Strike 2-1: Ball 3-1: Called Strike 3-2: Strikes out swinging
|
Batting: RHB Frank Elizondo
|
0-0: Ball 1-0: Ball 2-0: Ball 3-0: Base on Balls
|
Pitching: RHP Reginald Bamber
|
|
Batting: RHB Oren Jones
|
0-0: Called Strike 0-1: Ball 1-1: Ground out 4-3 (Groundball, 4, EV 92.5 MPH)
|
Top of the 5th over - 0 runs, 0 hits, 0 errors, 1 left on base; Tri-City 3 - Eugene 2 |
BOTTOM OF THE 5TH |
Eugene Emeralds batting - Pitching for Tri-City Dust Devils : RHP Nick Goodlow
|
Batting: RHB Ricky Ramirez
|
0-0: SINGLE (Flyball, 34D, EV 88.1 MPH)
|
Batting: RHB Mike Hill
|
0-0: Ball 1-0: SINGLE (Line Drive, 7S, EV 104.4 MPH) Ricky Ramirez to second
|
Batting: RHB Bill Holmes
|
0-0: Called Strike 0-1: Ball 1-1: Swinging Strike 1-2: Ball 2-2: Foul Ball, location: 2F 2-2: Foul Ball, location: 2F 2-2: Ball 3-2: Base on Balls Ricky Ramirez to third Mike Hill to second
|
Batting: RHB Adrian Cox
|
0-0: Foul Ball, location: 2F 0-1: Grounds into fielders choice 1-2 (Groundball, 13S, EV 66.9 MPH) Mike Hill to third Bill Holmes to second
|
Batting: RHB Jorge Lagunas
|
0-0: Grounds into fielders choice 1-2 (Groundball, 13, EV 68.8 MPH) Bill Holmes to third Adrian Cox to second
|
Batting: RHB Gilberto Alvarado
|
0-0: Called Strike 0-1: Ball 1-1: Foul Ball, location: 2F 1-2: Fielders Choice at 2nd, U4 (Groundball, 4M, EV 87.5 MPH)
|
Bottom of the 5th over - 0 runs, 2 hits, 0 errors, 3 left on base; Tri-City 3 - Eugene 2 |
TOP OF THE 6TH |
Tri-City Dust Devils batting - Pitching for Eugene Emeralds : RHP Reginald Bamber
|
Pinch Hitting: RHB Mike MacLeod
|
0-0: Called Strike 0-1: Called Strike 0-2: Strikes out swinging
|
Batting: RHB Ed Oake
|
0-0: Ball 1-0: Swinging Strike 1-1: Called Strike 1-2: Ball 2-2: Strikes out swinging
|
Batting: LHB Phil Lerner
|
0-0: Ball 1-0: Ball 2-0: Hit by Pitch
|
Batting: RHB Hector Fernandez
|
0-0: Ball 1-0: Foul Ball, location: 2F 1-1: Ball 2-1: Foul Ball, location: 2F 2-2: Strikes out swinging
|
Top of the 6th over - 0 runs, 0 hits, 0 errors, 1 left on base; Tri-City 3 - Eugene 2 |
BOTTOM OF THE 6TH |
Eugene Emeralds batting - Pitching for Tri-City Dust Devils : RHP Nick Goodlow
|
Pitching: RHP Jamal Kilburn
|
|
Now in LF: Isaiah Scates
|
|
Now in CF: Ramon Vega
|
|
Batting: RHB Dan Orozco
|
0-0: Ball 1-0: Foul Ball, location: 2F 1-1: Swinging Strike 1-2: Strikes out swinging
|
Batting: RHB David Bousfield
|
0-0: Swinging Strike 0-1: Ball 1-1: Ball 2-1: Ball 3-1: Foul Ball, location: 2F 3-2: Strikes out swinging
|
Batting: RHB Du Kim
|
0-0: Called Strike 0-1: Ground out 6-3 (Groundball, P, EV 81.9 MPH)
|
Bottom of the 6th over - 0 runs, 0 hits, 0 errors, 0 left on base; Tri-City 3 - Eugene 2 |
TOP OF THE 7TH |
Tri-City Dust Devils batting - Pitching for Eugene Emeralds : RHP Reginald Bamber
|
Batting: SHB Isaiah Scates
|
0-0: Swinging Strike 0-1: Ball 1-1: Ball 2-1: Ball 3-1: Base on Balls
|
Batting: RHB Eric McMillian
|
0-0: Ball 1-0: Ball 2-0: Called Strike 2-1: Foul Ball, location: 2F 2-2: Ball 3-2: Base on Balls Isaiah Scates to second
|
Batting: RHB Phil McFadden
|
0-0: Ball 1-0: Ball 2-0: Grounds into double play, 4-6-3 (Groundball, 4, EV 90.0 MPH) Isaiah Scates to third
|
Batting: RHB Frank Elizondo
|
0-0: Ball 1-0: Ball 2-0: Ball 3-0: Base on Balls
|
Batting: RHB Oren Jones
|
0-0: Called Strike 0-1: Ball 1-1: DOUBLE (Line Drive, 7LS, EV 104.4 MPH) Isaiah Scates scores Frank Elizondo to third
|
Pitching: RHP Carsten Kosters
|
|
Batting: LHB Ramon Vega
|
0-0: Ball Wild Pitch! Frank Elizondo scores Oren Jones to third 1-0: Ball 2-0: Ball 3-0: Base on Balls
|
Batting: RHB Ed Oake
|
0-0: Called Strike 0-1: Ball 1-1: Ball 2-1: Swinging Strike 2-2: Strikes out swinging
|
Top of the 7th over - 2 runs, 1 hit, 0 errors, 2 left on base; Tri-City 5 - Eugene 2 |
BOTTOM OF THE 7TH |
Eugene Emeralds batting - Pitching for Tri-City Dust Devils : RHP Jamal Kilburn
|
Batting: RHB Ricky Ramirez
|
0-0: Foul Ball, location: 2F 0-1: Swinging Strike 0-2: Strikes out swinging, 2-3 out at first.
|
Batting: RHB Mike Hill
|
0-0: Ball 1-0: Swinging Strike 1-1: Swinging Strike 1-2: Ball 2-2: Ball 3-2: Strikes out swinging
|
Batting: RHB Bill Holmes
|
0-0: Called Strike 0-1: Ball 1-1: Swinging Strike 1-2: Ball 2-2: Ground out U3 (Groundball, 34S, EV 86.2 MPH)
|
Bottom of the 7th over - 0 runs, 0 hits, 0 errors, 0 left on base; Tri-City 5 - Eugene 2 |
TOP OF THE 8TH |
Tri-City Dust Devils batting - Pitching for Eugene Emeralds : RHP Carsten Kosters
|
Batting: LHB Phil Lerner
|
0-0: Ball 1-0: Swinging Strike 1-1: Ball 2-1: Foul Ball, location: 2F 2-2: Ball 3-2: Ground out 1-3 (Groundball, 15, EV 66.9 MPH)
|
Batting: RHB Hector Fernandez
|
0-0: Ball 1-0: Foul Ball, location: 2F 1-1: Foul Ball, location: 2F 1-2: Ball 2-2: Foul Ball, location: 2F 2-2: SOLO HOME RUN (Flyball, 7D, EV 100.6 MPH), Distance : 364 ft
|
Pitching: RHP Brian Jarrett
|
|
Batting: SHB Isaiah Scates
|
0-0: Ball 1-0: SOLO HOME RUN (Flyball, 78XD, EV 99.4 MPH), Distance : 391 ft
|
Batting: RHB Eric McMillian
|
0-0: Ball 1-0: Foul Ball, location: 2F 1-1: Foul Ball, location: 2F 1-2: Ground out 5-3 (Groundball, 56, EV 104.4 MPH)
|
Batting: RHB Phil McFadden
|
0-0: Foul Ball, location: 2F 0-1: Fly out, F9 (Flyball, 9LSF, EV 83.8 MPH)
|
Top of the 8th over - 2 runs, 2 hits, 0 errors, 0 left on base; Tri-City 7 - Eugene 2 |
BOTTOM OF THE 8TH |
Eugene Emeralds batting - Pitching for Tri-City Dust Devils : RHP Jamal Kilburn
|
Pitching: RHP Troy Conners
|
|
Batting: RHB Adrian Cox
|
0-0: Ball 1-0: Foul Ball, location: 2F 1-1: Swinging Strike 1-2: Ball 2-2: Foul Ball, location: 2F 2-2: Ground out U3 (Groundball, 34, EV 85.0 MPH)
|
Batting: LHB Emir Jalil
|
0-0: Ball 1-0: Called Strike 1-1: Ball 2-1: Ball 3-1: Foul Ball, location: 2F 3-2: Foul Ball, location: 2F 3-2: Foul Ball, location: 2F 3-2: Base on Balls
|
Batting: RHB Gilberto Alvarado
|
0-0: Called Strike 0-1: Ball 1-1: Ball 2-1: Fly out, F3 (Popup, 3S, EV 85.0 MPH)
|
Batting: RHB Dan Orozco
|
0-0: Ground out 4-3 (Groundball, 4, EV 85.0 MPH)
|
Bottom of the 8th over - 0 runs, 0 hits, 0 errors, 1 left on base; Tri-City 7 - Eugene 2 |
TOP OF THE 9TH |
Tri-City Dust Devils batting - Pitching for Eugene Emeralds : RHP Brian Jarrett
|
Batting: RHB Frank Elizondo
|
0-0: Ball 1-0: Ground out 6-3 (Groundball, 56, EV 99.4 MPH)
|
Batting: RHB Oren Jones
|
0-0: Ball 1-0: Called Strike 1-1: Fly out, F3 (Popup, 3S, EV 68.8 MPH)
|
Batting: LHB Ramon Vega
|
0-0: Foul Ball, location: 2F 0-1: Ball 1-1: Ball 2-1: Ball 3-1: Called Strike 3-2: Ground out 5-3 (Groundball, 5L, EV 105.6 MPH)
|
Top of the 9th over - 0 runs, 0 hits, 0 errors, 0 left on base; Tri-City 7 - Eugene 2 |
BOTTOM OF THE 9TH |
Eugene Emeralds batting - Pitching for Tri-City Dust Devils : RHP Troy Conners
|
Batting: RHB David Bousfield
|
0-0: Called Strike 0-1: DOUBLE (Line Drive, 9LS, EV 100.6 MPH)
|
Batting: RHB Du Kim
|
0-0: Called Strike 0-1: Ground out 6-3 (Groundball, 6, EV 107.5 MPH)
|
Batting: RHB Ricky Ramirez
|
0-0: Called Strike 0-1: Ball 1-1: Ball 2-1: Swinging Strike 2-2: Ball 3-2: Ground out 4-3 (Groundball, 6M, EV 101.9 MPH) David Bousfield to third
|
Pitching: RHP Chris Pisor
|
|
Batting: RHB Mike Hill
|
0-0: Called Strike 0-1: Fly out, F9 (Line Drive, 9LM, EV 96.9 MPH)
|
Bottom of the 9th over - 0 runs, 1 hit, 0 errors, 1 left on base; Tri-City 7 - Eugene 2 |
|